 Dungeon Crawl Stone Soup version 0.30-a0-586-g23e55c9e0a (webtiles) character file.

Game seed: 5503967374324956144

21 Shayle the Conjurer (level 2, -3/23 HPs)
             Began as a Demonspawn Reaver on Jan 3, 2023.
             Slain by a worm (6 damage)
             ... on level 2 of the Dungeon.
             The game lasted 00:01:33 (865 turns).

Shayle the Conjurer (Demonspawn Reaver)              Turns: 865, Time: 00:01:33

Health: -3/23      AC:  3    Str: 12    XL:     2   Next: 62%
Magic:  5/5        EV: 11    Int: 14    God:
Gold:   13         SH:  4    Dex: 11    Spells: 4/5 levels left

rFire   . . .      SeeInvis .    a - +0 spear
rCold   . . .      Faith    .    (no shield)
rNeg    . . .      Spirit   .    b - +0 leather armour
rPois   .          Reflect  .    (no helmet)
rElec   .          Harm     .    (no cloak)
rCorr   .          Rampage  .    (no gloves)
Will    .....                    (no boots)
Stlth   +                        (no amulet)
HPRegen 0.23/turn                (no ring)
MPRegen 0.09/turn                (no ring)

@: no status effects
A: large bone plates 1
a: no special abilities


You were on level 2 of the Dungeon.
You visited 1 branch of the dungeon, and saw 2 of its levels.

You collected 13 gold pieces.

Inventory:

Hand Weapons
 a - a +0 spear (weapon)
Armour
 b - a +0 leather armour (worn)
Scrolls
 f - a scroll of identify {unknown}
 g - a scroll of teleportation {unknown}
 h - a scroll of brand weapon {unknown}
 i - a scroll of magic mapping {unknown}
 j - a scroll of fear {unknown}
Potions
 c - a potion of curing {unknown}
 d - a potion of heal wounds
 e - a potion of lignification {unknown}
 k - a potion of brilliance {unknown}


   Skills:
 + Level 2.3 Fighting
 - Level 2.6 Polearms
 + Level 2.1 Dodging
 - Level 2.0 Spellcasting
 - Level 3.0 Conjurations
 + Level 1.1 Necromancy
 + Level 0.8 Earth Magic


You had 4 spell levels left.
You knew the following spells:

 Your Spells              Type           Power      Damage    Failure   Level
a - Kiss of Death         Conj/Necr      28%        2d7       13%         1

Your spell library contained the following spells:

 Spells                   Type           Power      Damage    Failure   Level
 Momentum Strike          Conj/Tloc      10%        3d8       24%         2
 Hailstorm                Conj/Ice       5%         3d4       43%         3
 Confusing Touch          Hex            1%         N/A       65%         3
 Kindle Blastsparks       Fire/Tloc/Air  2%         2d10      65%         3
 Dispel Undead            Necr           4%         3d7       88%         4
 Alistair's Intoxication  Tmut/Pois      0%         N/A       100%        5
 Fire Storm               Conj/Fire      2%         8d1       100%        9


Dungeon Overview and Level Annotations

Branches:
Dungeon (2/15)

Altars:


Innate Abilities, Weirdness & Mutations

You are partially covered in large bone plates. (SH +4)


Message History

You miss the adder.
The adder is heavily wounded.
You feel sick. You block the adder's attack.
You hit the adder.
The adder is severely wounded.
You feel sick. The adder closely misses you.
You closely miss the adder.
The adder is severely wounded.
You feel sick.
You are no longer poisoned.
The adder closely misses you. You block the adder's attack.
You hit the adder.
You kill the adder!
Your Necromancy skill increases to level 1!
You hit the kobold but do no damage. The kobold barely misses you.
You barely miss the kobold. The kobold barely misses you.
You closely miss the kobold. The kobold misses you.
You closely miss the kobold. The kobold closely misses you.
You hit the kobold.
The kobold is severely wounded.
The kobold hits you with a +0 short sword.
You barely miss the kobold.
The kobold is severely wounded.
You hit the kobold.
You kill the kobold!
You hit the worm.
The worm is moderately wounded.
You hit the worm but do no damage.
The worm is moderately wounded.
The worm barely misses you.
You hit the worm but do no damage.
The worm is moderately wounded.
You barely miss the worm.
The worm is moderately wounded.
The worm bites you!
* * * LOW HITPOINT WARNING * * *
You barely miss the worm.
The worm is moderately wounded.
The worm bites you.
You die...

#.# #.# #.# #.##
#.# #.># #. #.#
##.# #. #.# #.# #.
#.# #.#
###.####.### #.#
#..........####.#
##....#@#...)....#
#.....#w#.#.######
# #..#.#.#.#
#.#..?#.#.#
..#w.....#.#
#.#...........
#.#.#.....##.##
..#.....#)###.#
##......#.#


You could see a worm.

Vanquished Creatures
  An adder (D:2)
  A giant cockroach (D:1)
  A hobgoblin (D:1)
  3 kobolds
  3 ball pythons (D:1)
  A bat (D:1)
  2 frilled lizards
  A rat (D:1)
13 creatures vanquished.

Notes
Turn   | Place    | Note
-------+----------+-------------------------------------------
     0 | D:1      | Shayle the Demonspawn Reaver began the quest for the Orb.
     0 | D:1      | Reached XP level 1. HP: 16/16 MP: 3/3
    20 | D:1      | Got Sif Muna's Incunable of Vitriolic Oxidation
   246 | D:1      | Found a faded altar of an unknown god.
   689 | D:1      | Gained mutation: You are partially covered in large bone
                  | plates. (SH +4) [demonic ancestry]
   689 | D:1      | Reached XP level 2. HP: 22/22 MP: 5/5
   854 | D:2      | Reached skill level 1 in Necromancy
   865 | D:2      | Slain by a worm

Illustrated notes

Levels and vault maps discovered:
D:1:      lemuel_arrival_lava_pool, layout_loops_corners,
          ebering_ecumenical_altar_hall
D:2:      layout_loops_ring, corexii_corridor_pit, hangedman_decor_push,
          minmay_tiny_reverse_x

Skill      XL: |  1  2 |
---------------+-------+-----
Dodging        | 2 |  2.1
Necromancy     | 1 |  1.1
Fighting       | |  2.3
Polearms       | |  2.6
Spellcasting   | |  2.0
Conjurations   | |  3.0
Earth Magic    | |  0.8

Action                   || total
-------------------------++-------
Melee: Spear             ||    65
       Punch             ||     1
  Use: Potion            ||     1
Armor: Leather armour    ||    20
Dodge: Dodged            ||    34
Block: Other             ||     9

Table legend: (Time is in decaauts)
 A = Elapsed time spent in this place.
 B = Non-inter-level travel time spent in this place.
 C = Inter-level travel time spent in this place.
 D = Time resting spent in this place.
 E = Time spent auto-exploring this place.
 F = Levels seen in this place.
 G = Mean time per level.
                   A        B        C        D        E       F      G
               +--------+--------+--------+--------+--------+-----+--------+
         Total |    863 |    854 |      9 |      0 |    674 |   2 |  431.5 |
       Dungeon |    863 |    854 |      9 |      0 |    674 |   2 |  431.5 |
               +--------+--------+--------+--------+--------+-----+--------+

Top non-repeatable levels by time:
     D:1: 791 daAuts
     D:2: 71 daAuts
